 Dungeon Crawl Stone Soup version 0.28-a0-779-g3d1f99b579 (webtiles) character file.

Game seed: 9948945665473197337

11854 freelancePsychic the Grappler (level 11, -1/107 (111) HPs)
             Began as a Troll Monk on Nov 3, 2021.
             Was a Priest of Ru.
             Slain by a dream sheep (4 damage)
             ... led by a torpor snail
             ... on level 3 of the Lair of Beasts.
             The game lasted 00:23:35 (10290 turns).

freelancePsychic the Grappler (Troll Monk)         Turns: 10290, Time: 00:23:35

HP:   -1/107 (111)  AC:  6    Str: 21    XL:     11   Next: 54%
MP:   10/10         EV: 12    Int:  6    God:    Ru [***...]
Gold: 733           SH:  0    Dex: 15    Spells: 10/10 levels left

rFire   . . .      SeeInvis .     - Unarmed
rCold   . . .      Faith    .   (no shield)
rNeg    . . .      Spirit   .   a - +0 robe
rPois   .          Reflect  .   w - +2 hat
rElec   .          Harm     .   q - scarf {rC+ rF+}
rCorr   .          Rampage  .   (gloves unavailable)
Will    +....                   (boots unavailable)
Stlth   ++........              (no amulet)
HPRegen 1.27/turn               i - ring of willpower
MPRegen 0.12/turn               (no ring)

@: unable to drink, slowed, lightly drained, very slow
A: large, unfitting armour, claws 3, regeneration 1, shaggy fur 1, tough skin 1,
inability to drink while threatened, disrupted magic 1, temperature sensitive
a: Renounce Religion, Draw Out Power


You were on level 3 of the Lair of Beasts.
You worshipped Ru.
Ru was most pleased with you.
You visited 3 branches of the dungeon, and saw 13 of its levels.

You collected 733 gold pieces.

Inventory:

Missiles
 g - 9 boomerangs (quivered)
Armour
 a - a +0 robe (worn)
 q - a scarf of resistance (worn)
 w - a +2 hat (worn)
Jewellery
 i - a ring of willpower (left claw)
 G - a ring of magical power
Wands
 v - a wand of mindburst (12)
 A - a wand of acid (14)
 E - a wand of paralysis (11)
 F - a wand of polymorph (14)
Scrolls
 b - a scroll of identify {@r1}
 c - 3 scrolls of teleportation {@r4}
 h - a scroll of fog
 k - 2 scrolls of enchant armour
 l - a scroll of noise
 o - 2 scrolls of magic mapping
 s - a scroll of torment
 t - 2 scrolls of vulnerability
 B - a scroll of immolation
Potions
 d - 2 potions of resistance
 e - 2 potions of haste {@q3}
 f - 3 potions of heal wounds {unknown}
 j - 4 potions of curing {@q1}
 m - a potion of magic {unknown}
 n - 3 potions of attraction {unknown}
 p - a potion of lignification {unknown}
 r - a potion of cancellation {unknown}
 x - a potion of brilliance {unknown}
 z - 2 potions of flight {unknown}
 C - a potion of mutation {unknown}
 D - a potion of invisibility {unknown}
Miscellaneous
 y - a phantom mirror


   Skills:
 + Level 8.2 Fighting
 - Level 5.3 Throwing
 - Level 5.6 Dodging
 - Level 1.1 Stealth
 * Level 13.3 Unarmed Combat
 + Level 2.3 Evocations


You had 10 spell levels left.
You didn't know any spells.
Your spell library contained the following spells:

 Spells                   Type           Power      Damage    Failure   Level
 Animate Skeleton         Necr           0%         N/A       54%         1
 Foxfire                  Conj/Fire      0%         2x1d4     54%         1
 Pain                     Necr           0%         1d4       54%         1
 Slow                     Hex            0%         N/A       54%         1
 Scorch                   Fire           0%         2d5       67%         2
 Confusing Touch          Hex            0%         N/A       88%         3
 Conjure Flame            Conj/Fire      0%         6-21      88%         3
 Dazzling Flash           Conj/Hex       0%         N/A       88%         3
 Inner Flame              Hex/Fire       0%         N/A       88%         3
 Vampiric Draining        Necr           0%         2d6       88%         3
 Flame Wave               Conj/Fire      0%         3d3       99%         4
 Fulminant Prism          Conj/Hex       0%         3d6       99%         4
 Iskenderun's Mystic Bla  Conj/Tloc      0%         2d3       99%         4
 Lee's Rapid Deconstruct  Erth           0%         3d5*      100%        5
 Yara's Violent Unravell  Hex/Tmut       0%         3d3       100%        5
 Starburst                Conj/Fire      0%         6d3       100%        6
 Summon Cactus Giant      Summ           0%         N/A       100%        6


Dungeon Overview and Level Annotations

Branches:
Dungeon (9/15)             Temple (1/1) D:6            Lair (3/6) D:9
 Shoals (0/4) Lair:3          Orc (0/2) D:9
  Snake: Lair:2-4    Spider: Lair:2-4

Altars:
Ashenzari
Cheibriados
Dithmenos
Elyvilon
Gozag
Kikubaaqudgha
Makhleb
Nemelex Xobeh
Okawaru
Qazlal
Ru
Sif Muna
Trog
Uskayaw
Vehumet
Wu Jian
Xom
Yredelemnul
Zin
The Shining One

Shops:
D:5 =   D:6 *

Annotations:
D:4 exclusion: ogre
D:5 exclusion: downstairs


Innate Abilities, Weirdness & Mutations

You are too large for most types of armour.
You have claws for hands.
Your natural rate of healing is unusually fast.
You are covered in fur. (AC +1)
You have tough skin. (AC +1)
You sometimes lose the ability to drink potions when taking damage.
Your casting is slightly disrupted.
You are sensitive to extremes of temperature. (rF-, rC-)


Message History

Unknown command.
You completely miss the dream sheep. You claw the dream sheep!
You kill the dream sheep!
The dream sheep bites you but does no damage.
The torpor snail bites you!!
You feel threatened and lose the ability to drink potions!
The dream sheep barely misses you.
You barely miss the torpor snail.
The torpor snail bites you but does no damage.
The dream sheep bites you!
You scratch the torpor snail. You claw the torpor snail!
The torpor snail is moderately wounded.
A polar bear comes into view.
The dream sheep bites you. The torpor snail closely misses you.
You scratch the torpor snail. You claw the torpor snail.
The torpor snail is heavily wounded.
The dream sheep ruffles its wool and motes of dream dust sparkle, to no effect.
You mangle the torpor snail!!
The torpor snail is severely wounded.
The dream sheep barely misses you. The torpor snail bites you.
The dream sheep shake their wool and sparkle.
You feel drowsy...
You fall asleep.
The dream sheep bites you!
You wake up.
* * * LOW HITPOINT WARNING * * *
The torpor snail completely misses you.
You claw the torpor snail!
The torpor snail is almost dead.
The dream sheep bites you!
* * * LOW HITPOINT WARNING * * *
The torpor snail bites you!
* * * LOW HITPOINT WARNING * * *
As you read the scroll of summoning, it crumbles to dust.
Wisps of shadow whirl around you...
You feel less exhausted. The dream sheep closely misses you.
The dream sheep bites you.
* * * LOW HITPOINT WARNING * * *
You focus your inner power and illuminate the dream sheep in retribution!
The dream sheep barely misses you. The torpor snail misses you.
The dream sheep bites you.
You die...

#..## P...# #
#..P# /#
#P..##..#
#P.......
#.^?.....
##........
####Ywh......
#P#Y@#.##....
##.S.#### .
#..l## ##..##
##....#
##..####
##...#
#####..###
#..#...#


You could see a torpor snail, a polar bear, 2 dream sheep, a friendly komodo
dragon (summoned, slow) and a friendly water moccasin (summoned, slow).

Vanquished Creatures
  2 hydras
  A catoblepas (Lair:2)
  A black mamba (Lair:2)
  2 cane toads
  A rime drake (Lair:2)
  A komodo dragon (Lair:2)
  4 blink frogs (Lair:1)
  A dream sheep (Lair:3)
  A wraith (D:9)
  16 yaks
  2 wyverns
  A steam dragon (D:7)
  2 wargs (D:9)
  2 swamp worms (D:8)
  6 water moccasins
  2 sky beasts
  3 orc warriors
  2 black bears
  2 ogres (D:5)
  A necrophage (D:6)
  4 centaurs
  A phantom (D:7)
  Blork the orc (D:6)
  4 bullfrogs
  A scorpion (D:4)
  6 killer bees (D:8)
  13 wights
  4 howler monkeys
  4 orc priests
  A centaur zombie (D:9)
  A hound (D:5)
  3 jellies
  An iguana (D:5)
  9 orc wizards
  A howler monkey zombie (D:5)
  3 gnolls (D:2)
  A howler monkey skeleton (D:6)
  8 adders
  2 shadow imps
  A white imp (D:4)
  5 worms
  2 dart slugs (D:1)
  33 orcs
  5 bats
  3 endoplasms
  5 giant cockroaches
  11 goblins
  6 hobgoblins
  12 jackals
  6 kobolds
  2 quokkas
  6 ball pythons
  4 frilled lizards
  5 rats
227 creatures vanquished.

Vanquished Creatures (collateral kills)
  A blink frog (Lair:1)
1 creature vanquished.

Vanquished Creatures (others)
  A yak (Lair:1)
  A centaur (Lair:3)
  A bullfrog (Lair:2)
  An orc (D:9)
  15 fungi
  13 plants
32 creatures vanquished.

Grand Total: 260 creatures vanquished

Notes
Turn   | Place    | Note
-------+----------+-------------------------------------------
     0 | D:1      | freelancePsychic the Troll Monk began the quest for the
                  | Orb.
     0 | D:1      | Reached XP level 1. HP: 22/22 MP: 0/0
    41 | D:1      | Reached XP level 2. HP: 29/29 MP: 1/1
   474 | D:1      | Reached XP level 3. HP: 36/36 MP: 2/2
   784 | D:2      | Reached XP level 4. HP: 44/44 MP: 3/3
   813 | D:2      | Reached skill level 4 in Unarmed Combat
  1865 | D:3      | Reached XP level 5. HP: 51/53 MP: 4/4
  2479 | D:4      | Noticed an ogre
  3324 | D:4      | Reached skill level 5 in Unarmed Combat
  3620 | D:5      | Entered Level 5 of the Dungeon
  3635 | D:5      | Reached XP level 6. HP: 51/61 MP: 5/5
  3718 | D:5      | Found a burning altar of Makhleb.
  3718 | D:5      | Noticed a balrug
  3828 | D:5      | Found a shadowy altar of Dithmenos.
  3987 | D:5      | Reached skill level 6 in Unarmed Combat
  3987 | D:5      | Reached XP level 7. HP: 62/68 MP: 6/6
  4060 | D:5      | Found Joivioc's Jewellery Boutique.
  4586 | D:6      | Reached skill level 7 in Unarmed Combat
  4656 | D:6      | Found Eggud's General Store.
  4775 | D:6      | Found a staircase to the Ecumenical Temple.
  4808 | Temple   | Entered the Ecumenical Temple
  4841 | Temple   | Became a worshipper of Ru the Awakened
  4844 | Temple   | Gained mutation: You are sensitive to extremes of
                  | temperature. (rF-, rC-) [Ru sacrifice]
  4844 | Temple   | Reached * piety under Ru
  4844 | Temple   | Reached ** piety under Ru
  5153 | D:6      | Noticed Blork the orc
  5155 | D:6      | Noticed a red ugly thing
  5158 | D:6      | Killed Blork the orc
  5159 | D:6      | Reached XP level 8. HP: 79/79 MP: 7/7
  5245 | D:7      | Found an opulent altar of Gozag.
  5245 | D:7      | Identified the +7 war axe "Ereghargh" {antimagic, rF+ rC+}
  5440 | D:7      | Found a shimmering blue altar of Sif Muna.
  5528 | D:7      | Reached skill level 5 in Fighting
  5528 | D:7      | Reached skill level 5 in Dodging
  5528 | D:7      | Reached skill level 8 in Unarmed Combat
  5746 | D:7      | Found a snail-covered altar of Cheibriados.
  6248 | D:8      | Reached XP level 9. HP: 81/88 MP: 8/8
  6491 | D:8      | Reached skill level 9 in Unarmed Combat
  6564 | D:8      | Found a glowing golden altar of the Shining One.
  6682 | D:8      | Reached skill level 1 in Throwing
  6986 | D:9      | Found a broken altar of Ashenzari.
  7012 | D:9      | Identified a scroll of acquirement
  7013 | D:9      | Acquired a +1 hat
  7113 | D:9      | Gained mutation: You sometimes lose the ability to drink
                  | potions when taking damage. [Ru sacrifice]
  7113 | D:9      | Reached *** piety under Ru
  7127 | D:9      | Reached skill level 10 in Unarmed Combat
  7239 | D:9      | Found a staircase to the Lair.
  7277 | D:9      | Reached XP level 10. HP: 37/96 MP: 9/9
  7489 | D:9      | Found a staircase to the Orcish Mines.
  7602 | D:9      | Found a stormy altar of Qazlal.
  7862 | Lair:1   | Entered Level 1 of the Lair of Beasts
  8128 | Lair:1   | Noticed a cane toad
  8131 | Lair:1   | Killed a cane toad
  8255 | Lair:1   | Reached skill level 11 in Unarmed Combat
  8548 | Lair:1   | Noticed a five-headed hydra
  8580 | Lair:1   | Killed a five-headed hydra
  8593 | Lair:1   | Reached skill level 12 in Unarmed Combat
  8675 | Lair:1   | Reached skill level 5 in Throwing
  9115 | Lair:2   | Reached XP level 11. HP: 94/109 MP: 10/10
  9213 | Lair:2   | Gained mutation: Your casting is slightly disrupted. [Ru
                  | sacrifice]
  9478 | Lair:2   | Reached skill level 1 in Evocations
  9619 | Lair:2   | Noticed a catoblepas
  9655 | Lair:2   | Killed a catoblepas
  9656 | Lair:2   | Reached skill level 13 in Unarmed Combat
  9990 | Lair:3   | Found a staircase to the Shoals.
 10093 | Lair:3   | Noticed a five-headed hydra
 10101 | Lair:3   | Killed a five-headed hydra
 10290 | Lair:3   | HP: 3/107 [dream sheep[a torpor snail] (4)]
 10290 | Lair:3   | Slain by a dream sheep

Illustrated notes

Levels and vault maps discovered:
D:1:      tarquinn_simple_flora_water_b, layout_loops_ring
D:2:      layout_basic
D:3:      layout_loops_corners
D:4:      old_forge, layout_layer_cave, minivault_25, hangedman_decor_opposing,
          glass_columns_a
D:5:      layout_gridville, makhleb_altar_promises_db,
          grunt_dithmenos_smoke_and_mirrors, serial_shops,
          nicolae_shop_statue_plus
D:6:      layout_loops_corners, minmay_temple_entry_junction, serial_shops,
          nicolae_diamond_shop, shop_statue, nicolae_diamond_shop, st_stairs_7,
          uniq_blork_the_orc
D:7:      layout_basic, kennysheep_orc_sif_temple, grunt_gozag_statues,
          cheibrodos_worm_habitat, grunt_decor_junction
D:8:      layout_loops_corners, tso_altar, glass_columns_c, worms_lemuel
D:9:      layout_rooms, lemuel_crystal_altar, lemuel_coloured_pillars_altar,
          erik_lair_orcish_takeover, orc_0_dummy
Temple:   chequers_temple_sunken
Lair:1:   layout_cave_shapes, lemuel_fruit_tree
Lair:2:   layout_long_grid, serial_bayou_shore_b, grunt_megastairs_2
Lair:3:   regret_index_wax_grids, layout_cave_pods, minmay_shoals_entry_centaurs

Skill      XL: |  1  2  3  4  5  6  7  8  9 10 11 |
---------------+----------------------------------+-----
Dodging        | 3 4 5 |  5.6
Unarmed Combat | 4 5 6 7 8 10 12 13 | 13.3
Fighting       | 3 4 5 6 7 8 |  8.2
Throwing       | 3 5 |  5.3
Evocations     | 2 |  2.3
Stealth        | |  1.1

Action                   |  1- 3 |  4- 6 |  7- 9 | 10-12 || total
-------------------------+-------+-------+-------+-------++-------
Melee: Unarmed           |    87 |   158 |   264 |   208 ||   717
       Punch             |     1 |     5 |    14 |    14 ||    34
Throw: Boomerang         |       |       |     1 |    14 ||    15
Invok: Sacrifice Resista |       |       |     1 |       ||     1
       Draw Out Power    |       |       |     1 |     3 ||     4
       Sacrifice Drink   |       |       |     1 |       ||     1
       Sacrifice Essence |       |       |       |     1 ||     1
Evoke: Wand              |       |       |       |     7 ||     7
       Phantom mirror    |       |       |       |     1 ||     1
  Use: Scroll            |       |     6 |     7 |     7 ||    20
 Stab: Sleeping          |     4 |     6 |     3 |     1 ||    14
       Invisible         |       |       |       |     1 ||     1
Armor: Robe              |    37 |    37 |    26 |    53 ||   153
Dodge: Dodged            |    61 |    67 |   109 |   116 ||   353

Table legend: (Time is in decaauts)
 A = Elapsed time spent in this place.
 B = Non-inter-level travel time spent in this place.
 C = Inter-level travel time spent in this place.
 D = Time resting spent in this place.
 E = Time spent auto-exploring this place.
 F = Levels seen in this place.
 G = Mean time per level.
                   A        B        C        D        E       F      G
               +--------+--------+--------+--------+--------+-----+--------+
         Total |  10295 |   9930 |    365 |    117 |   8100 |  13 |  791.9 |
       Dungeon |   7649 |   7398 |    251 |     73 |   6040 |   9 |  849.9 |
        Temple |    251 |    223 |     28 |      0 |    206 |   1 |  251.0 |
          Lair |   2394 |   2309 |     85 |     44 |   1854 |   3 |  798.0 |
               +--------+--------+--------+--------+--------+-----+--------+

Top non-repeatable levels by time:
     D:4: 1362 daAuts
  Lair:1: 1143 daAuts
     D:8: 1023 daAuts
  Lair:2: 986 daAuts
     D:5: 882 daAuts
     D:9: 873 daAuts
     D:3: 830 daAuts
     D:2: 775 daAuts
     D:7: 742 daAuts
     D:1: 634 daAuts
     D:6: 523 daAuts
  Lair:3: 264 daAuts
  Temple: 251 daAuts
